 Dungeon Crawl Stone Soup version 0.27-a0-1256-gced786f65e (webtiles) character file.

Game seed: 2464819772381439969

63 freelancePsychic the Magician (level 3, -1/26 HPs)
             Began as a Demonspawn Wanderer on June 11, 2021.
             Slain by a gnoll
             ... wielding a +0 halberd
              (14 damage)
             ... on level 2 of the Dungeon.
             The game lasted 00:05:24 (2021 turns).

freelancePsychic the Magician (Demonspawn Wanderer) Turns: 2021, Time: 00:05:25

Health: -1/26      AC:  5    Str: 13    XL:     3   Next: 89%
Magic:  4/8        EV: 11    Int: 12    God:
Gold:   63         SH:  0    Dex: 13    Spells: 9/10 levels left

rFire    . . .     SeeInvis .   a - +2 dagger
rCold    . . .     Faith    .   (no shield)
rNeg     . . .     Spirit   .   e - +0 robe
rPois    .         Reflect  .   j - +2 helmet
rElec    .         Harm     .   (no cloak)
rCorr    .         Rampage  .   (no gloves)
Will     .....                  (no boots)
Stlth    ++........             (no amulet)
HPRegen  0.08/turn              (no ring)
MPRegen  0.11/turn              (no ring)

@: no status effects
A: powered by death 2
a: no special abilities


You were on level 2 of the Dungeon.
You visited 1 branch of the dungeon, and saw 2 of its levels.

You collected 63 gold pieces.

Inventory:

Hand Weapons
 a - a +2 dagger (weapon)
Armour
 e - a +0 robe (worn)
 j - a +2 helmet (worn)
Scrolls
 c - 2 scrolls of teleportation {@r4}
 f - a scroll of blinking {unknown}
 g - a scroll of identify {unknown}
 h - a scroll of torment {unknown}
Potions
 b - a potion of haste {@q3}
 d - 2 potions of ambrosia {unknown}
 i - 2 potions of lignification {unknown}


   Skills:
 + Level 1.6 Fighting
 - Level 1.1 Axes
 - Level 1.9 Armour
 + Level 1.1 Dodging
 - Level 1.9 Stealth
 - Level 4.0 Spellcasting
 - Level 1.2 Necromancy
 - Level 1.8 Ice Magic


You had 9 spell levels left.
You knew the following spells:

 Your Spells              Type           Power      Damage    Failure   Level
a - Freeze                Ice            24%        1d5       11%         1

Your spell library contained the following spells:

 Spells                   Type           Power      Damage    Failure   Level
 Animate Skeleton         Necr           10%        N/A       13%         1
 Pain                     Necr           20%        1d5       13%         1
 Beastly Appendage        Tmut           4%         N/A       22%         1
 Foxfire                  Conj/Fire      8%         2x1d4     22%         1
 Ozocubu's Armour         Ice            6%         N/A       30%         3
 Wereblood                Tmut           2%         N/A       32%         2
 Vampiric Draining        Necr           2%         2d6       36%         3
 Ignite Poison            Fire/Tmut/Pois 2%         N/A       54%         3
 Spider Form              Tmut/Pois      1%         N/A       54%         3
 Animate Dead             Necr           2%         N/A       78%         4
 Ice Form                 Ice/Tmut       4%         N/A       83%         4
 Agony                    Necr           5%         N/A       98%         5


Dungeon Overview and Level Annotations

Branches:
Dungeon (2/15)

Altars:


Innate Abilities, Weirdness & Mutations

You regenerate health from kills.


Message History

The bat closely misses you. The bat closely misses you.
The ball python hisses angrily.
The gnoll shouts!
You hit the bat.
The bat is severely wounded.
The bat hits you.
You hit the bat.
You kill the bat!
The gnoll hits you from afar with a +0 halberd.
The gnoll barely misses you.
You hit the gnoll.
The gnoll is moderately wounded.
The ball python bites you but does no damage.
The ball python closely misses you. The gnoll barely misses you.
You hit the gnoll.
The gnoll is heavily wounded.
The ball python bites you. The ball python closely misses you.
The ball python bites you but does no damage.
The ball python grabs you. The ball python constricts you.
You closely miss the ball python. The gnoll misses you.
The gnoll hits you with a +0 club. The ball python bites you.
The ball python constricts you.
The gnoll shouts!
You hit the ball python.
You kill the ball python!
The gnoll closely misses you. The gnoll completely misses you.
You hit the gnoll but do no damage.
The gnoll is heavily wounded.
The gnoll closely misses you. The gnoll hits you with a +0 club.
You closely miss the gnoll.
The gnoll is heavily wounded.
The gnoll hits you with a +0 halberd. The gnoll barely misses you.
You closely miss the gnoll.
The gnoll is heavily wounded.
The gnoll closely misses you.
You hit the gnoll but do no damage.
The gnoll is heavily wounded.
The gnoll hits you with a +0 club! The gnoll hits you with a +0 halberd!
Ouch! That really hurt!
You die...

######### #........
######.####### ##
.............. .
######.#########.##
#.# #.#.## #.# #..#.#
######.########...#.#
............†...@g.#
##############..g...#
#....g..# #........#
#......?..#
#.##......# ..b...
#.#.#.....# . 8...
#.##.....###8...8.
#..... . .....


You could see 3 gnolls.

Vanquished Creatures
  2 adders (D:2)
  6 ball pythons
  5 bats
  5 endoplasms (D:1)
  2 giant cockroaches (D:1)
  2 goblins
  6 hobgoblins
  4 jackals (D:2)
  3 kobolds (D:1)
  A quokka (D:1)
  A frilled lizard (D:1)
  A rat (D:1)
38 creatures vanquished.

Notes
Turn   | Place    | Note
-------+----------+-------------------------------------------
     0 | D:1      | freelancePsychic the Demonspawn Wanderer began the quest
                  | for the Orb.
     0 | D:1      | freelancePsychic set off with the following items: a +2
                  | dagger, a potion of haste {@q3}, a +0 robe; and the
                  | following spells available to memorise: Foxfire, Freeze,
                  | Ignite Poison, Ozocubu's Armour
     0 | D:1      | Reached XP level 1. HP: 13/13 MP: 5/5
   315 | D:1      | Learned a level 1 spell: Freeze
   337 | D:1      | Gained mutation: You regenerate a little health from kills.
                  | [demonic ancestry]
   337 | D:1      | Reached XP level 2. HP: 19/19 MP: 4/7
   621 | D:1      | Found a faded altar of an unknown god.
   754 | D:1      | Reached skill level 1 in Ice Magic
  1292 | D:1      | Gained mutation: You regenerate health from kills. [demonic
                  | ancestry]
  1292 | D:1      | Reached XP level 3. HP: 9/25 MP: 2/8
  1611 | D:2      | Reached skill level 1 in Fighting
  1994 | D:2      | Reached skill level 1 in Dodging
  2021 | D:2      | Slain by a gnoll

Illustrated notes

Levels and vault maps discovered:
D:1:      psy_arrival_conway, layout_rooms, chequers_ecumenical_altar_simple
D:2:      wad_pebble_path, layout_basic, serial_corexii_hall,
          corexii_hall_statues_i, corexii_hall_statues_t,
          minmay_strange_pillars, chequers_mini_garden

Skill      XL: |  1  2  3 |
---------------+----------+-----
Ice Magic      | 1 |  1.8
Fighting       | 1 |  1.6
Dodging        | 1 |  1.1
Axes           | |  1.1
Armour         | |  1.9
Stealth        | |  1.9
Spellcasting   | |  4.0
Necromancy     | |  1.2

Action                   || total
-------------------------++-------
Melee: Dagger            ||    90
 Cast: Freeze            ||    50
  Use: Scroll            ||     1
 Stab: Sleeping          ||     2
Armor: Robe              ||    32
Dodge: Dodged            ||   102

Table legend: (Time is in decaauts)
 A = Elapsed time spent in this place.
 B = Non-inter-level travel time spent in this place.
 C = Inter-level travel time spent in this place.
 D = Time resting spent in this place.
 E = Time spent auto-exploring this place.
 F = Levels seen in this place.
 G = Mean time per level.
                   A        B        C        D        E       F      G
               +--------+--------+--------+--------+--------+-----+--------+
         Total |   2025 |   1999 |     26 |    308 |   1338 |   2 | 1012.5 |
       Dungeon |   2025 |   1999 |     26 |    308 |   1338 |   2 | 1012.5 |
               +--------+--------+--------+--------+--------+-----+--------+

Top non-repeatable levels by time:
     D:1: 1571 daAuts
     D:2: 453 daAuts
